 Dungeon Crawl Stone Soup version 0.28-a0-1506-g3893175d92 (webtiles) character file.

Game seed: 6003230602301138580

4 comborobin the Sneak (level 1, 0/18 HPs)
             Began as a Human Delver on Jan 14, 2022.
             Slain by an orc priest (6 damage)
             ... on level 5 of the Dungeon.
             The game lasted 00:00:37 (431 turns).

comborobin the Sneak (Human Delver)                  Turns: 431, Time: 00:00:37

Health: 0/18       AC:  3    Str: 12    XL:     1   Next: 66%
Magic:  1/1        EV: 12    Int: 10    God:
Gold:   0          SH:  0    Dex: 14    Spells: 0/0 levels left

rFire   . . .      SeeInvis .   a - +0 hand axe
rCold   . . .      Faith    .   (no shield)
rNeg    . . .      Spirit   .   b - +0 leather armour
rPois   .          Reflect  .   (no helmet)
rElec   .          Harm     .   (no cloak)
rCorr   .          Rampage  .   (no gloves)
Will    .....                   (no boots)
Stlth   +++.......              (no amulet)
HPRegen 0.06/turn               (no ring)
MPRegen 0.07/turn               (no ring)

@: no status effects
A: no striking features
a: no special abilities


You were on level 5 of the Dungeon.
You visited 1 branch of the dungeon, and saw 2 of its levels.

Inventory:

Hand Weapons
 a - a +0 hand axe (weapon)
Missiles
 f - 3 atropa-tipped darts (quivered)
Armour
 b - a +0 leather armour (worn)
Wands
 g - a wand of digging (2)
Scrolls
 c - a scroll of fog
 d - 2 scrolls of magic mapping
 e - a scroll of fear
 h - a scroll of teleportation {unknown}
 i - 3 scrolls of identify {unknown}


   Skills:
 - Level 3.0 Fighting
 + Level 2.4 Axes
 - Level 2.0 Dodging
 - Level 5.0 Stealth


You couldn't memorise any spells.
You didn't know any spells.
Your spell library was empty.

Dungeon Overview and Level Annotations

Branches:
Dungeon (6/15)
 Temple: D:4-7

Altars:


Message History

The orc priest appears confused.
Unknown command.
Throw: 2 darts (atropa)
Press: ? - help, Q - select action Shift-Dir - straight line, f/p - orc priest
Aim: an orc priest, wielding a +0 club (confused, blind, 78% to hit, chance to blind on hit: 86%)
Okay, then.
An orc comes into view. It is wielding a +0 club.
The orc priest seems less confused.
You see here 2 atropa-tipped darts.
f - 4 atropa-tipped darts (gained 2)
An orc comes into view. It is wielding a +0 dagger.
Throw: 4 darts (atropa)
Press: ? - help, Q - select action Shift-Dir - straight line, f/p - orc priest
Aim: an orc priest, wielding a +0 club (blind, 59% to hit, chance to blind on hit: 86%)
You throw an atropa-tipped dart.
The atropa-tipped dart hits the orc priest.
The orc priest appears confused.
The orc shouts!
The orc priest seems less confused.
The orc hits you with a +0 club.
You hit the orc.
The orc is heavily wounded.
The orc hits you with a +0 club.
Unknown command.
You barely miss the orc.
The orc is heavily wounded.
Unknown command.
You hit the orc.
The orc is almost dead.
The orc priest is no longer blind.
The orc hits you but does no damage.
You hit the orc.
You kill the orc!
You hit the orc. You barely miss the orc priest.
The orc priest hits you but does no damage.
The orc hits you with a +0 dagger. The orc priest hits you with a +0 club.
You hit the orc priest.
The orc priest is lightly wounded.
You hit the orc. The orc hits you with a +0 dagger.
The orc priest hits you with a +0 club.
You die...

..#.............
#+#.#...#######.## #.#
.......... #.#. #######.#.
.. #.#.# #.#. ###.####(#.#
#.## ......>.(#.# #.##
....!.#.#o#.###########...
.........#@).............##
..........o.......######.##
#.................# ###
#.................#
#.................#
#.................#
#.................#
#...............#
#......#.....####


You could see an orc priest and an orc.

Vanquished Creatures
  2 orcs (D:5)
2 creatures vanquished.

Notes
Turn   | Place    | Note
-------+----------+-------------------------------------------
     0 | D:5      | comborobin the Human Delver began the quest for the Orb.
     0 | D:5      | Reached XP level 1. HP: 18/18 MP: 1/1
   110 | D:5      | Noticed an iguana
   110 | D:5      | Noticed a jelly
   419 | D:5      | Noticed an orc priest
   431 | D:5      | Slain by an orc priest

Illustrated notes

Levels and vault maps discovered:
D:5:      layout_basic, serial_shops, nicolae_shop_advertising_works
          [nicolae_subvault_shop_adworks], minmay_checkerbox
D:6:      layout_layer_cave, nicolae_gozag_seed_capital,
          minmay_temple_entry_antechambers, serial_shops,
          nicolae_shop_hallway_stairs, uniq_duvessa

Action                   || total
-------------------------++-------
Melee: Hand axe          ||     9
Throw: Dart              ||     6
Evoke: Wand              ||     1
  Use: Potion            ||     1
Armor: Leather armour    ||     2
Dodge: Dodged            ||     3

Table legend: (Time is in decaauts)
 A = Elapsed time spent in this place.
 B = Non-inter-level travel time spent in this place.
 C = Inter-level travel time spent in this place.
 D = Time resting spent in this place.
 E = Time spent auto-exploring this place.
 F = Levels seen in this place.
 G = Mean time per level.
                   A        B        C        D        E       F      G
               +--------+--------+--------+--------+--------+-----+--------+
         Total |    418 |    418 |      0 |    102 |    215 |   2 |  209.0 |
       Dungeon |    418 |    418 |      0 |    102 |    215 |   2 |  209.0 |
               +--------+--------+--------+--------+--------+-----+--------+

Top non-repeatable levels by time:
     D:5: 416 daAuts
     D:6: 1 daAuts
